 Dungeon Crawl Stone Soup version 0.24.0-13-gcf9b3192b9 (webtiles) character file.

Game seed: 12968192323954385992, levelgen mode: deterministic

17252 tilp the Reanimator (level 12, 0/95 HPs)
             Began as a Human Necromancer on Nov 9, 2019.
             Was a High Priest of Okawaru.
             Slain by a six-headed hydra (16 damage)
             ... on level 3 of the Lair of Beasts.
             The game lasted 00:49:29 (19365 turns).

tilp the Reanimator (Human Necromancer)            Turns: 19365, Time: 00:49:29

Health: 0/95       AC:  9    Str: 12    XL:     12   Next: 80%
Magic:  18/21      EV: 17    Int: 20    God:    Okawaru [*****.]
Gold:   754        SH:  0    Dex: 13    Spells: 3/23 levels left

rFire    + . .     SeeInvis .   T - +1 glaive (flame)
rCold    + + .     Gourm    .   (shield currently unavailable)
rNeg     . . .     Faith    .   Y - +1 leather armour {rPois}
rPois    +         Spirit   .   t - +2 helmet
rElec    .         Reflect  .   P - scarf {rC+ rF+}
rCorr    .         Harm     .   (no gloves)
MR       .....                  Z - +1 pair of boots {Fly}
Stlth    ++........             (no amulet)
HPRegen  0.25/turn              H - +2 ring of strength
MPRegen  0.17/turn              y - ring of protection from cold

@: flying, very slightly contaminated
A: no striking features
a: Heroism, Finesse, Renounce Religion, Stop Flying


You were on level 3 of the Lair of Beasts.
You worshipped Okawaru.
Okawaru was extremely pleased with you.
You were not hungry.

You visited 2 branches of the dungeon, and saw 14 of its levels.

You collected 994 gold pieces.
You spent 240 gold pieces at shops.

Inventory:

Hand Weapons
 G - the cursed +1 dagger of the Puffball {pierce, *Contam Int+10}
   (You found it on level 5 of the Dungeon)

   It inflicts extra damage upon your enemies.
   It affects your intelligence (+10).
   It causes magical contamination when unequipped.
   It has a curse placed upon it.
 T - a +1 glaive of flaming (weapon)
Missiles
 e - 21 boomerangs (quivered)
 g - 142 bolts
 j - 4 javelins
 s - 222 arrows
 F - 5 atropa-tipped darts
 R - 18 poisoned darts
Armour
 t - a +2 helmet (worn)
 P - a scarf of resistance (worn)
 S - a +1 robe of cold resistance
 Y - a +1 leather armour of poison resistance (worn)
 Z - a +1 pair of boots of flying (worn)
Magical Staves
 W - an uncursed staff of death {unknown}
Jewellery
 l - an uncursed ring of magical power
 y - a ring of protection from cold (right hand)
 H - a +2 ring of strength (left hand)
Wands
 m - a wand of polymorph (14)
 K - a wand of acid (10)
 L - a wand of flame (20)
Scrolls
 b - 3 scrolls of magic mapping
 f - 5 scrolls of identify
 i - 10 scrolls of teleportation
 n - 2 scrolls of enchant weapon
 o - 2 scrolls of blinking
 v - 2 scrolls of amnesia
 w - 2 scrolls of fog
 z - 4 scrolls of fear
 J - 4 scrolls of remove curse
 M - 3 scrolls of immolation
 V - a scroll of holy word
Potions
 d - 2 potions of resistance
 h - 8 potions of heal wounds
 p - 4 potions of curing
 q - a potion of might
 r - 4 potions of mutation
 u - a potion of berserk rage
 x - a potion of haste
 A - a potion of agility
 B - 2 potions of flight
 C - 3 potions of invisibility
 D - 6 potions of brilliance
 O - 3 potions of magic
Miscellaneous
 k - a phial of floods
Comestibles
 a - 2 chunks of flesh
 c - 27 rations


   Skills:
 + Level 9.3 Fighting
 * Level 5.2 Polearms
 + Level 9.2 Dodging
 - Level 4.0 Stealth
   Level 4.1 Shields
 - Level 6.0 Spellcasting
 - Level 2.4 Charms
 - Level 10.0 Necromancy
 - Level 8.0 Invocations


You had 3 spell levels left.
You knew the following spells:

 Your Spells              Type           Power        Failure   Level  Hunger
a - Pain                  Necr           ####         1%          1    None
b - Animate Skeleton      Necr           N/A          1%          1    None
c - Vampiric Draining     Necr           #####.....   1%          3    ##.....
d - Regeneration          Chrm/Necr      ####......   3%          3    ##.....
e - Animate Dead          Necr           N/A          2%          4    ####...
f - Summon Butterflies    Summ           #.......     13%         1    None
g - Conjure Flame         Conj/Fire      #.......     36%         3    ##.....
h - Confusing Touch       Hex            #.....       13%         1    None
i - Mephitic Cloud        Conj/Pois/Air  #.......     36%         3    ##.....

Your spell library contained the following spells:

 Spells                   Type           Power        Failure   Level  Hunger
 Flame Tongue             Conj/Fire      #....        13%         1    None
 Poisonous Vapours        Pois/Air       #.....       21%         2    None
 Throw Flame              Conj/Fire      #.....       21%         2    None
 Call Canine Familiar     Summ           #.......     36%         3    ##.....
 Confuse                  Hex            #.......     36%         3    ##.....
 Gell's Gravitas          Tloc           #.........   36%         3    ##.....
 Inner Flame              Hex/Fire       #.......     36%         3    ##.....
 Cause Fear               Hex            #.........   78%         4    ####...
 Petrify                  Tmut/Erth      #.......     78%         4    ####...
 Sticky Flame             Conj/Fire      #.......     78%         4    ####...
 Summon Ice Beast         Ice/Summ       #.......     78%         4    ####...
 Fireball                 Conj/Fire      #.........   98%         5    #####..
 Metabolic Englaciation   Hex/Ice        #.........   98%         5    #####..
 Silence                  Hex/Air        #.........   98%         5    #####..
 Summon Mana Viper        Hex/Summ       #.......     98%         5    #####..
 Yara's Violent Unravell  Hex/Tmut       #.........   98%         5    #####..
 Deflect Missiles         Chrm/Air       ##........   100%        6    #######
 Freezing Cloud           Conj/Ice/Air   #.........   100%        6    #######
 Ring of Flames           Chrm/Fire      ##........   100%        7    #######
 Summon Hydra             Summ           #.........   100%        7    #######
 Discord                  Hex            #.........   100%        8    #######


Dungeon Overview and Level Annotations

Branches:
Dungeon (11/15)            Temple (0/1) D:4            Lair (3/6) D:10
  Snake (0/4) Lair:3          Orc (0/2) D:11
  Swamp: Lair:2-4    Shoals: Lair:2-4

Altars:
Cheibriados
Dithmenos
Elyvilon
Gozag
Hepliaklqana
Kikubaaqudgha
Okawaru
Qazlal
Uskayaw
Wu Jian
Xom
Zin
The Shining One

Shops:
D:6 *   D:7 *%   D:11 *

Annotations:
D:8 Joseph
D:10 1 runed translucent door, exclusion: two-headed ogre, Raspi's ghost, journeyman GrAr
D:11 exclusion: two-headed ogre
Lair:3 1 transporter


Message History

The flame cauterises the wound!
You slash the six-headed hydra! You burn the six-headed hydra.
The six-headed hydra is moderately wounded.
Your bullfrog skeleton hits the basilisk.
The basilisk bites your bullfrog skeleton.
The six-headed hydra misses you. The six-headed hydra bites you.
* * * LOW HITPOINT WARNING * * *
The six-headed hydra completely misses you.
The six-headed hydra bites you.
* * * LOW HITPOINT WARNING * * *
The six-headed hydra barely misses you. x2
Your bullfrog skeleton hits the basilisk but does no damage.
The basilisk bites your bullfrog skeleton!
The six-headed hydra misses you. x2; The six-headed hydra barely misses you.
The six-headed hydra bites you!
* * * LOW HITPOINT WARNING * * *
The six-headed hydra bites you!
* * * LOW HITPOINT WARNING * * *
The six-headed hydra bites you!
You die...

... # #... #.#...
...#..# ####
..#....##.P#
...........# .....lZ...#
......Z.D.# #..###.P#@#
# # ####.# # #..## ### #
# ## ##.P# ####.### #
#.#.##..## ##......###
#.....P..# ##.......#..
#.##....## #...........
#.P##.#.#####...........
#©..#.P.##.#.......#####


You could see a six-headed hydra, a basilisk and 2 friendly bullfrog skeletons.

Vanquished Creatures
  A hydra (Lair:2)
  2 two-headed ogres (D:11)
  An unseen horror (D:10)
  A cyclops (D:11)
  A gargoyle (D:11)
  A spiny frog (Lair:2)
  A komodo dragon (Lair:2)
  A centaur skeleton (D:11)
  A troll (D:10)
  3 hornets
  5 hippogriffs
  A shadow (D:11)
  A wyvern (Lair:3)
  18 yaks
  2 hogs
  A hungry ghost (D:11)
  Grum (D:10)
  4 water moccasins (Lair:2)
  3 nagas (Lair:3)
  2 porcupines
  3 orc warriors
  A black bear (D:7)
  4 sky beasts
  A necrophage (D:10)
  9 ice beasts
  3 phantoms
  3 centaurs
  2 ogres
  2 wolves (D:10)
  A big kobold (D:8)
  7 bullfrogs
  5 scorpions
  10 wights
  10 killer bees
  3 vampire bats (D:9)
  2 howler monkeys
  A crimson imp (D:11)
  2 bullfrog zombies
  A hound (D:11)
  4 jellies
  3 bullfrog skeletons
  7 orc priests
  8 orc wizards
  5 iguanas
  7 worker ants
  2 hound skeletons
  A worker ant zombie (D:5)
  4 gnolls (D:5)
  A howler monkey skeleton (D:4)
  8 adders
  A shadow imp (D:4)
  An adder zombie (D:7)
  2 worms
  A dart slug (D:3)
  6 leopard geckos
  38 orcs
  5 bats
  A bat skeleton (D:9)
  3 bat zombies (D:9)
  2 giant cockroaches
  5 goblins
  4 hobgoblins
  7 jackals
  15 kobolds
  4 quokkas
  5 ball pythons
  3 frilled lizards
  A quokka skeleton (D:7)
  5 rats
280 creatures vanquished.

Vanquished Creatures (collateral kills)
  A hydra (Lair:2)
  A rime drake (Lair:3)
  Prince Ribbit (D:7)
  A hog (D:7)
  A human (D:7)
  5 yaks
  A naga (Lair:3)
  A porcupine (Lair:3)
  An ogre (D:7)
  A crocodile (Lair:1)
  2 bullfrogs
  A wight (D:11)
  A howler monkey (D:6)
  2 crimson imps (D:5)
  An orc wizard (D:11)
  3 adders
  A jackal (D:5)
  2 kobolds (D:1)
  A rat (D:1)
28 creatures vanquished.

Vanquished Creatures (others)
  2 fungi (Lair:1)
  2 plants (Lair:1)
  5 toadstools (D:1)
9 creatures vanquished.

Grand Total: 317 creatures vanquished

Notes
Turn   | Place    | Note
-------+----------+-------------------------------------------
     0 | D:1      | tilp the Human Necromancer began the quest for the Orb.
     0 | D:1      | Reached XP level 1. HP: 13/13 MP: 3/3
   511 | D:1      | Reached XP level 2. HP: 17/19 MP: 1/5
   514 | D:1      | Learned a level 1 spell: Animate Skeleton
  1160 | D:1      | Reached XP level 3. HP: 24/24 MP: 6/6
  1517 | D:2      | Found a hazy altar of Hepliaklqana.
  1599 | D:2      | Learned a level 3 spell: Vampiric Draining
  1710 | D:2      | Found a shadowy altar of Dithmenos.
  1722 | D:2      | Found an iron altar of Okawaru.
  1729 | D:2      | Reached skill level 5 in Necromancy
  1998 | D:2      | Found a stormy altar of Qazlal.
  2400 | D:2      | Became a worshipper of Warmaster Okawaru
  2495 | D:3      | Found an opulent altar of Gozag.
  2618 | D:3      | Found a white marble altar of Elyvilon.
  2636 | D:3      | Reached XP level 4. HP: 25/30 MP: 1/7
  3335 | D:3      | Found a glowing silver altar of Zin.
  3385 | D:3      | Found a faded altar of an unknown god.
  3666 | D:4      | Reached skill level 6 in Necromancy
  3666 | D:4      | Reached XP level 5. HP: 33/35 MP: 3/8
  3671 | D:4      | Learned a level 3 spell: Regeneration
  3759 | D:4      | Found a staircase to the Ecumenical Temple.
  3766 | D:4      | Noticed an ogre
  3776 | D:4      | Killed an ogre
  3776 | D:4      | Reached XP level 6. HP: 41/41 MP: 7/9
  4026 | D:4      | Reached skill level 7 in Necromancy
  4139 | D:4      | Noticed a phantom
  4146 | D:4      | Killed a phantom
  4146 | D:4      | Reached * piety under Okawaru
  4229 | D:4      | Reached XP level 7. HP: 37/46 MP: 8/10
  4484 | D:4      | Reached skill level 8 in Necromancy
  4921 | D:5      | Entered Level 5 of the Dungeon
  4960 | D:4      | Reached skill level 1 in Fighting
  5043 | D:5      | Reached skill level 1 in Shields
  5122 | D:5      | Got a warped dagger
  5418 | D:5      | Found an ornate altar of the Wu Jian Council.
  5572 | D:5      | Reached XP level 8. HP: 53/56 MP: 11/11
  5594 | D:5      | Found a glowing golden altar of the Shining One.
  5734 | D:6      | Noticed a hornet
  5751 | D:6      | Reached ** piety under Okawaru
  5820 | D:6      | Identified the cursed +1 dagger of the Puffball {pierce,
                  | *Contam Int+10} (You found it on level 5 of the Dungeon)
  5970 | D:6      | Found a shimmering altar of Xom.
  6227 | D:6      | Found Ywuics's Assorted Antiques.
  6230 | D:6      | Bought a scroll labeled YNEQUW JUWKAI for 23 gold pieces
  6230 | D:6      | Bought a scroll labeled XUNGYFF GITU for 23 gold pieces
  6346 | D:6      | Killed a hornet
  6761 | D:7      | Noticed a yak
  6761 | D:7      | Noticed a human
  6761 | D:7      | Noticed a hog
  6761 | D:7      | Noticed a hog
  6761 | D:7      | Noticed a hog
  6778 | D:6      | Killed a hog
  6778 | D:6      | Reached *** piety under Okawaru
  6778 | D:6      | Reached XP level 9. HP: 46/65 MP: 8/12
  6978 | D:7      | Found Leadghol's Food Boutique.
  6990 | D:7      | Reached skill level 1 in Charms
  6990 | D:7      | Reached skill level 1 in Invocations
  7065 | D:7      | Noticed Prince Ribbit
  7598 | D:7      | Reached skill level 5 in Invocations
  7601 | D:7      | Reached **** piety under Okawaru
  7850 | D:7      | Learned a level 4 spell: Animate Dead
  8240 | D:7      | Killed Prince Ribbit
  8240 | D:7      | Reached skill level 5 in Fighting
  8240 | D:7      | Reached skill level 5 in Dodging
  8240 | D:7      | Reached XP level 10. HP: 27/74 MP: 2/14
  8457 | D:7      | Found Jilur's General Store.
  8462 | D:7      | Bought a scroll of enchant armour for 90 gold pieces
  8462 | D:7      | Bought a scroll of remove curse for 36 gold pieces
  8571 | D:7      | Found a glowing golden altar of the Shining One.
  8577 | D:7      | Found a snail-covered altar of Cheibriados.
  8860 | D:8      | Found a hide-covered altar of Uskayaw.
  9652 | D:8      | Noticed Joseph
  9928 | D:8      | Received a gift from Okawaru
 10807 | D:9      | Got a transparent hand axe
 10845 | D:9      | Identified the +11 hand axe of Honour {holy, Int+3} (You
                  | found it on level 9 of the Dungeon)
 10975 | D:9      | Reached ***** piety under Okawaru
 11961 | D:9      | Reached XP level 11. HP: 86/86 MP: 15/15
 12036 | D:9      | Found an ancient bone altar of Kikubaaqudgha.
 12076 | D:10     | Entered Level 10 of the Dungeon
 12190 | D:10     | Noticed Grum
 12219 | D:10     | Received a gift from Okawaru
 12223 | D:10     | Killed Grum
 12569 | D:10     | Noticed a two-headed ogre
 12576 | D:10     | Reached skill level 9 in Necromancy
 12654 | D:10     | Found a staircase to the Lair.
 12914 | D:10     | Found a runed translucent door.
 12914 | D:10     | Found a shimmering altar of Xom.
 12914 | D:10     | Noticed a +2 rapier of chaos
 12914 | D:10     | Noticed Raspi's ghost (journeyman GrAr)
 13522 | D:10     | Killed an unseen horror
 13797 | D:10     | Learned a level 1 spell: Summon Butterflies
 13801 | D:10     | Learned a level 3 spell: Conjure Flame
 13823 | D:11     | Noticed a cyclops
 13851 | D:11     | Reached skill level 5 in Spellcasting
 13916 | D:11     | Noticed a two-headed ogre
 13930 | D:11     | Found Luriugiq's Assorted Antiques.
 13945 | D:11     | Bought a scroll labeled MERPHI BEBYUM for 34 gold pieces
 13945 | D:11     | Bought a scroll labeled MERPHI BEBYUM for 34 gold pieces
 13976 | D:11     | Paralysed by a hornet for 3 turns
 14110 | D:11     | Reached skill level 10 in Necromancy
 14425 | D:11     | Noticed a two-headed ogre
 14442 | D:11     | Killed a two-headed ogre
 14739 | D:11     | Found a staircase to the Orcish Mines.
 15151 | D:11     | Noticed a two-headed ogre
 15170 | D:11     | Killed a two-headed ogre
 15170 | D:11     | Received a gift from Okawaru
 15170 | D:11     | Reached XP level 12. HP: 76/92 MP: 6/21
 15502 | D:11     | Learned a level 1 spell: Confusing Touch
 15554 | Lair:1   | Entered Level 1 of the Lair of Beasts
 15574 | Lair:1   | Learned a level 3 spell: Mephitic Cloud
 15632 | D:10     | Reached skill level 1 in Polearms
 17820 | Lair:2   | Noticed a seven-headed hydra
 17849 | Lair:2   | Killed a three-headed hydra
 18228 | Lair:2   | Noticed a five-headed hydra
 18238 | Lair:2   | Killed a three-headed hydra
 18971 | Lair:3   | Reached skill level 5 in Polearms
 19182 | Lair:3   | Found a staircase to the Snake Pit.
 19337 | Lair:3   | Found a transporter.
 19348 | Lair:3   | Noticed an eight-headed hydra
 19365 | Lair:3   | Slain by a six-headed hydra

Levels and vault maps discovered:
D:1:      ldierk_walled_garden, layout_basic, serial_bayou, serial_bayou_ford_a,
          serial_bayou_pond_c, serial_bayou_lake_a, serial_bayou_lagoon_a
D:2:      layout_loops_cross, okawaru_metal_pillars_1_2,
          nicolae_overflow_crystal_walls, overflow_temple_1_default,
          grunt_qazlal_clouds
D:3:      layout_loops_ring, lemuel_round_altar, elyvilon_altar_5, zin_treasury,
          chequers_ecumenical_altar_twisty
D:4:      layout_basic, temple_fountains, first_ration, minmay_quadrilaterals
D:5:      layout_rooms, lemuel_coloured_pillars_altar, mrwooster_statue_mirror,
          nicolae_tso_carved_into_rock
D:6:      layout_rooms, overflow_temple_1_default, serial_shops,
          nicolae_shop_behind_doors, chequers_arboretum
D:7:      layout_basic, amethyst_overflow_temple_binary, serial_shops, shop,
          nicolae_shop_crystal, grunt_livestock, uniq_prince_ribbit1
D:8:      layout_basic, kennysheep_mini_moat, uniq_joseph
D:9:      layout_basic, kennysheep_vampire_church
D:10:     layout_gridville, lair_entry_dummy, ebering_ghost_xom, uniq_grum
D:11:     layout_rooms, david_orc_2, serial_shops, shop_coins
Lair:1:   layout_long_grid, wad_woods_road_03, infiniplex_staircase_pool_2,
          serial_bayou_shore_a, grunt_megastairs_5
Lair:2:   layout_big_grid, lemuel_fruit_fields
Lair:3:   layout_gridlike, swamp_mist, minmay_snake_entry_guardpost_small,
          gammafunk_ghost_hive, minivault_23, eino_house_with_fridge,
          minmay_lair_oklob_chamber, serial_bayou_shore_b

Skill      XL: |  1  2  3  4  5  6  7  8  9 10 11 12 |
---------------+-------------------------------------+-----
Necromancy     | 5 6 7 8 10 | 10.0
Fighting       | 2 4 5 8 9 |  9.3
Shields        | 1 4 |  4.1
Dodging        | 3 4 5 8 9 |  9.2
Charms         | 2 |  2.4
Invocations    | 6 8 |  8.0
Spellcasting   | 6 |  6.0
Stealth        | 4 |  4.0
Polearms       | 5 |  5.2

Action                   |  1- 3 |  4- 6 |  7- 9 | 10-12 || total
-------------------------+-------+-------+-------+-------++-------
Melee: Short sword       |    60 |    71 |   183 |   158 ||   472
       Unarmed           |     3 |       |       |       ||     3
       Hand axe          |       |       |       |   287 ||   287
       Glaive            |       |       |       |   170 ||   170
Throw: Boomerang         |       |     8 |    11 |    26 ||    45
 Cast: Pain              |    17 |    17 |    51 |   104 ||   189
       Animate Skeleton  |    14 |    13 |    18 |    34 ||    79
       Vampiric Draining |     1 |     3 |     6 |    62 ||    72
       Regeneration      |       |       |     5 |    18 ||    23
       Animate Dead      |       |       |       |     4 ||     4
Invok: Heroism           |       |       |     3 |     6 ||     9
       Finesse           |       |       |       |     3 ||     3
Evoke: Wand              |       |       |     2 |     2 ||     4
  Use: Scroll            |     4 |     4 |     8 |    17 ||    33
       Potion            |       |     1 |     3 |       ||     4
 Stab: Sleeping          |     4 |     1 |     1 |     6 ||    12
       Distracted        |       |       |       |     1 ||     1
  Eat: Chunk             |     6 |     5 |    16 |    31 ||    58
       Ration            |       |       |       |     4 ||     4
Armor: Robe              |    11 |     3 |       |    47 ||    61
       Leather armour    |       |     8 |    49 |   120 ||   177
Dodge: Dodged            |    48 |    54 |   167 |   575 ||   844
Block: Buckler           |       |       |    23 |   132 ||   155
